 Dungeon Crawl Stone Soup version 0.25-a0-578-gc91f01c39c (webtiles) character file.

Game seed: 11941805859597922018, levelgen mode: deterministic

110979 surprisetrex the Warrior (level 16, -1/155 HPs)
             Began as a Purple Draconian Fire Elementalist on Mar 3, 2020.
             Was the Champion of Vehumet.
             Slain by a wolf spider (18 damage)
             ... on level 1 of the Spider Nest on Mar 4, 2020.
             The game lasted 03:25:57 (35875 turns).

surprisetrex the Warrior (DrFE)                    Turns: 35875, Time: 03:25:57

Health: -1/155     AC: 18    Str: 11    XL:     16   Next: 8%
Magic:  20/30      EV: 11    Int: 19    God:    Vehumet [******]
Gold:   2753       SH: 16    Dex: 18    Spells: 5/35 levels left

rFire    . . .     SeeInvis +   a - +2 spear "Tielukhi" {elec, Dex+5}
rCold    . . .     Gourm    .   J - +5 kite shield {AC+3}
rNeg     . . .     Faith    .   (armour unavailable)
rPois    +         Spirit   .   (helmet restricted)
rElec    .         Reflect  .   U - +1 cloak {rPois}
rCorr    .         Harm     .   T - +0 pair of gloves
MR       +++..                  N - +2 pair of boots {run}
Stlth    ++........             m - amulet of regeneration
HPRegen  1.15/turn              i - ring of wizardry
MPRegen  0.22/turn              r - +6 ring of slaying

@: lethally poisoned (-1 -> -3), about to teleport, quick
A: breathe power, unfitting armour, see invisible, dopey 1, magic resistance 1,
regeneration 1, cold-blooded, AC +9
a: Breathe Dispelling Energy, Renounce Religion


You were on level 1 of the Spider Nest.
You worshipped Vehumet.
Vehumet was exalted by your worship.
You were not hungry.

You visited 5 branches of the dungeon, and saw 26 of its levels.
You visited 2 bazaars.
You also visited: Ossuary.

You collected 3999 gold pieces.
You spent 1246 gold pieces at shops.

Inventory:

Hand Weapons
 a - the +2 spear "Tielukhi" (weapon) {elec, Dex+5}
   (You bought it in a shop on level 2 of the Orcish Mines)

   Occasionally, upon striking a foe, it will discharge some electrical energy
   and cause terrible harm.
   It affects your dexterity (+5).
Missiles
 y - 57 poisoned darts (quivered)
Armour
 J - a +5 kite shield of protection (worn)
 K - a scarf of resistance
 N - a +2 pair of boots of running (worn)
 T - a +0 pair of gloves (worn)
 U - a +1 cloak of poison resistance (worn)
Jewellery
 i - a ring of wizardry (left hand)
 k - an uncursed ring of resist corrosion
 m - an amulet of regeneration (around neck)
 r - a +6 ring of slaying (right hand)
 v - an uncursed ring of positive energy
 z - an uncursed ring of positive energy
 I - an uncursed ring of protection from fire
 R - an uncursed ring of ice
 V - an uncursed ring of flight
Wands
 b - a wand of enslavement (4)
 d - a wand of iceblast (9)
 s - a wand of flame (44)
 u - a wand of acid (2)
 w - a wand of paralysis (11)
 G - a wand of disintegration (35)
 Q - a wand of digging (4)
Scrolls
 e - 5 scrolls of amnesia
 f - a scroll of enchant armour
 g - a scroll of torment
 j - 11 scrolls of remove curse
 n - 6 scrolls of magic mapping
 A - 5 scrolls of fear
 C - 2 scrolls of vulnerability
 D - 8 scrolls of teleportation
 F - 2 scrolls of blinking
 H - 2 scrolls of identify
 L - 3 scrolls of silence
 M - a scroll of immolation
 O - 2 scrolls of summoning
 S - 3 scrolls of enchant weapon
Potions
 c - 4 potions of flight
 h - 5 potions of lignification
 l - 3 potions of brilliance
 o - 7 potions of curing
 q - 3 potions of ambrosia
 t - 2 potions of might
 x - a potion of cancellation
 B - 2 potions of stabbing
 E - 2 potions of magic
 W - 2 potions of invisibility
Comestibles
 p - 23 rations


   Skills:
 - Level 17.0 Fighting
 - Level 12.0 Polearms
 - Level 1.7 Dodging
 - Level 1.7 Stealth
 - Level 10.0 Shields
 - Level 10.3 Spellcasting
 + Level 12.3 Conjurations
 + Level 11.7 Fire Magic


You had 5 spell levels left.
You knew the following spells:

 Your Spells              Type           Power        Failure   Level  Hunger
a - Foxfire               Conj/Fire      ####         1%          1    None
b - Conjure Flame         Conj/Fire      ######..     1%          3    None
c - Sticky Flame          Conj/Fire      ######..     1%          4    ##.....
d - Fireball              Conj/Fire      ######....   1%          5    #####..
e - Ignition              Fire           ######....   52%         8    #######
f - Fire Storm            Conj/Fire      ######....   99%         9    #######

Your spell library contained the following spells:

 Spells                   Type           Power        Failure   Level  Hunger
 Chain Lightning          Conj/Air       ####......   99%         8    #######
 Glaciate                 Conj/Ice       ####......   100%        9    #######
 Inner Flame              Hex/Fire       ####....     1%          3    None
 Static Discharge         Conj/Air       ####....     1%          3    None
 Bolt of Magma            Conj/Fire/Erth #####.....   1%          5    #####..
 Lightning Bolt           Conj/Air       ####......   3%          5    #####..
 Corona                   Hex            #......      6%          1    None
 Infusion                 Chrm           #...         6%          1    None
 Ensorcelled Hibernation  Hex/Ice        #.....       9%          2    None
 Shroud of Golubria       Chrm/Tloc      #.....       9%          2    None
 Slow                     Hex            #.......     9%          2    None
 Song of Slaying          Chrm           #.......     9%          2    None
 Confusing Touch          Hex            #.......     16%         3    None
 Gell's Gravitas          Tloc           #.........   16%         3    None
 Ozocubu's Armour         Chrm/Ice       #.......     16%         3    None
 Portal Projectile        Hex/Tloc       #.....       16%         3    None
 Spectral Weapon          Hex/Chrm       #.......     16%         3    None
 Yara's Violent Unravell  Hex/Tmut       #.........   34%         5    #####..
 Cause Fear               Hex            #.........   45%         4    ##.....
 Leda's Liquefaction      Hex/Erth       #.........   45%         4    ##.....
 Petrify                  Tmut/Erth      #.......     45%         4    ##.....
 Borgnjor's Vile Clutch   Necr/Erth      #.........   80%         5    #####..
 Metabolic Englaciation   Hex/Ice        #.........   80%         5    #####..
 Silence                  Hex/Air        #.........   80%         5    #####..
 Iron Shot                Conj/Erth      ####......   17%         6    ######.
 Darkness                 Hex            #.........   100%        6    ######.
 Shadow Creatures         Summ           N/A          100%        6    ######.
 Statue Form              Tmut/Erth      #........    100%        6    ######.
 Shatter                  Erth           #.........   100%        9    #######
 Tornado                  Air            #.........   100%        9    #######


Dungeon Overview and Level Annotations

Branches:
Dungeon (15/15)            Temple (1/1) D:5            Lair (6/6) D:11
 Shoals (0/4) Lair:3       Spider (2/4) Lair:3        Slime (0/5) Lair:5
    Orc (2/2) D:11            Elf (0/3) Orc:2        Vaults (0/5) D:14
 Depths (0/5) D:15        Ossuary (visited)

Altars:
Ashenzari
Cheibriados
Dithmenos
Elyvilon
Fedhas
Gozag
Hepliaklqana
Kikubaaqudgha
Makhleb
Nemelex Xobeh
Okawaru
Qazlal
Ru
Sif Muna
Trog
Uskayaw
Vehumet
Wu Jian
Xom
Yredelemnul
Zin
The Shining One
Beogh

Shops:
D:7 ([   D:9 (   D:12 *   Orc:2 [(((

Annotations:
D:7 1 runed translucent door, Evashark's ghost, novice GrMo
D:11 3 runed translucent doors


Innate Abilities, Weirdness & Mutations

You can breathe bolts of dispelling energy.
Your rich purple scales are hard. (AC +9)
You cannot fit into any form of body armour.
You are cold-blooded and may be slowed by cold attacks.
You have supernaturally acute eyesight. (SInv)
You are dopey. (Int -2)
You are resistant to hostile enchantments. (MR+)
Your natural rate of healing is unusually fast.


Message History

* * * LOW HITPOINT WARNING * * *
The wolf spider closely misses you.
The jumping spider leaps!
You feel much better.
You are engulfed in a cloud of scalding steam.
* * * LOW HITPOINT WARNING * * *
You feel sick.
The jumping spider splashes around in the water.
You block the jumping spider's attack. The wolf spider hits you.
* * * LOW HITPOINT WARNING * * *
You block the wolf spider's attack. The redback bites you.
* * * LOW HITPOINT WARNING * * *
The jumping spider splashes around in the water.
The jumping spider bites you but does no damage.
You feel much better.
You feel sick. You block the redback's attack.
The wolf spider hits you but does no damage.
The wolf spider bites you!
* * * LOW HITPOINT WARNING * * *
The jumping spider leaps!
You block the redback's attack. The wolf spider hits you!!
You die...

## ###≈# ####### ##≈≈≈# ##≈≈#≈≈#
##.≈≈## #≈≈≈≈#○###...##
####.#s@≈.##...# ###
##≈#≈.ss##..#..## ####≈#
#≈≈≈≈#ss#......### #..#.≈
##≈###..##^#.s.#.####...≈ ###
##≈#.≈#.°...#..#..#.#.#.## #≈#
#≈#...##.#.#^^#.#.......#≈ ≈≈##
##≈≈.........##.#...##.... .#.#
##≈#≈#.##..#.##....#.......
...####..##....#....#....##.#.##.


You could see a wolf spider, 2 jumping spiders and 3 redbacks.

Vanquished Creatures
  Rupert (Lair:4)
  Josephine (D:13)
  A great orb of eyes (D:14)
  A fire dragon (Lair:6)
  2 rakshasas
  5 hydras
  6 centaur warriors
  3 catoblepae
  A death knight (D:14)
  7 two-headed ogres
  2 tengu warriors
  Urug (D:14)
  Sonja (Lair:2)
  A fire crab (D:14)
  5 orc high priests (Orc:2)
  2 unseen horrors
  A lindwurm (Lair:6)
  2 orc knights
  4 orb spiders (Spider:1)
  2 oklob plants (Lair:5)
  13 ugly things
  3 deep elf magi
  4 cyclopes
  A wolf spider zombie (D:12)
  An elephant (Lair:4)
  10 wolf spiders
  2 manticores (D:15)
  4 black mambas
  Maurice (Orc:2)
  3 gargoyles
  5 torpor snails (Lair:6)
  12 spiny frogs
  Maggie (D:10)
  6 komodo dragons
  A rime drake (Lair:5)
  A freezing wraith (D:14)
  3 demonic crawlers (Spider:1)
  A jumping spider (shapeshifter) (D:14)
  5 trolls
  13 jumping spiders
  9 hornets
  11 polar bears
  A raiju (Lair:6)
  4 tyrant leeches (Lair:6)
  10 hippogriffs
  10 slime creatures
  16 blink frogs
  2 meliai zombies
  22 redbacks
  2 centaur simulacra (D:14)
  A spriggan (shapeshifter) (D:15)
  A vampire (D:11)
  A tarantella (Spider:1)
  5 wyverns
  34 yaks
  4 wraiths
  16 humans (D:14)
  2 basilisks
  2 steam dragons (D:11)
  6 hungry ghosts
  6 vampire mosquitoes
  2 acid dragons (D:14)
  9 wargs
  16 hell hounds
  A warg (shapeshifter) (D:15)
  A swamp worm (shapeshifter) (D:15)
  12 water moccasins
  10 porcupines
  2 eyes of draining
  2 ice beasts
  17 orc warriors
  5 sky beasts
  2 phantoms
  12 black bears
  13 ogres
  A necrophage (D:11)
  5 boggarts (D:15)
  36 wolves
  10 centaurs
  14 crocodiles
  3 big kobolds
  25 bullfrogs
  A wyvern zombie (D:12)
  A gnoll sergeant (D:12)
  3 wyvern skeletons
  7 scorpions
  A water moccasin skeleton (D:9)
  5 killer bees
  5 wights (D:8)
  8 howler monkeys
  2 electric eels
  9 crimson imps
  2 bullfrog zombies
  A human zombie (Ossuary)
  7 centaur zombies
  8 jellies
  35 orc priests
  7 hounds
  A quasit (D:7)
  A bullfrog skeleton (D:12)
  17 orc wizards
  7 centaur skeletons
  5 iguanas
  11 worker ants
  A big kobold zombie (Ossuary)
  2 hound skeletons
  2 mummies (Ossuary)
  3 worker ant zombies
  12 gnolls
  20 adders
  8 shadow imps
  6 oozes
  An adder skeleton (D:4)
  4 adder zombies
  5 worms
  3 dart slugs
  6 leopard geckos
  87 orcs
  5 giant cockroaches
  11 goblins
  9 hobgoblins
  11 jackals
  2 quokkas
  A ball python (D:2)
  8 bats
  3 frilled lizards
  2 goblin zombies (Ossuary)
  14 hobgoblin zombies (Ossuary)
  A jackal skeleton (D:4)
  2 jackal zombies (Ossuary)
  25 kobolds
  5 kobold zombies (Ossuary)
  7 orc zombies (Ossuary)
  A quokka skeleton (D:4)
  4 rats
  A rat zombie (Ossuary)
918 creatures vanquished.

Vanquished Creatures (others)
  An orc high priest (Orc:2)
  A phantom (D:11)
  2 kobolds (D:11)
  2135 foxfires
  48 fungi
  31 plants
  4 toadstools (D:1)
2222 creatures vanquished.

Grand Total: 3140 creatures vanquished

Notes
Turn   | Place    | Note
-------+----------+-------------------------------------------
     0 | D:1      | surprisetrex the Draconian Fire Elementalist began the
                  | quest for the Orb.
     0 | D:1      | Reached XP level 1. HP: 14/14 MP: 3/3
   463 | D:1      | Reached XP level 2. HP: 22/22 MP: 5/5
   602 | D:2      | Reached skill level 1 in Fighting
   610 | D:2      | Noticed a crimson imp
   870 | D:2      | Found a faded altar of an unknown god.
  1027 | D:2      | Reached XP level 3. HP: 28/28 MP: 0/6
  1475 | D:2      | Reached XP level 4. HP: 36/36 MP: 7/7
  1673 | D:3      | Reached skill level 2 in Fighting
  1756 | D:3      | You fall into a shaft and drop 3 floors!
  1771 | D:6      | Learned a level 3 spell: Conjure Flame
  1790 | D:6      | Noticed a bullfrog
  1815 | D:6      | Killed a bullfrog
  1815 | D:6      | Reached skill level 1 in Shields
  1815 | D:6      | Reached XP level 5. HP: 11/41 MP: 0/8
  2125 | D:6      | Reached XP level 6. HP: 48/48 MP: 5/9
  2224 | D:6      | Found a glowing silver altar of Zin.
  2274 | D:6      | Your scales start taking on a rich purple colour.
  2274 | D:6      | Reached XP level 7. HP: 55/55 MP: 5/10
  2359 | D:6      | Reached skill level 5 in Fire Magic
  2370 | D:6      | Learned a level 4 spell: Sticky Flame
  2414 | D:5      | Entered Level 5 of the Dungeon
  2492 | D:5      | Found a staircase to the Ecumenical Temple.
  2501 | Temple   | Entered the Ecumenical Temple
  2816 | Temple   | Became a worshipper of Vehumet
  3245 | D:5      | Reached skill level 3 in Fighting
  3245 | D:5      | Reached skill level 5 in Conjurations
  3578 | D:5      | Found a sacrificial altar of Ru.
  3605 | D:5      | Reached XP level 8. HP: 56/63 MP: 8/11
  4075 | D:4      | Reached skill level 4 in Fighting
  4601 | D:3      | Reached * piety under Vehumet
  4601 | D:3      | Offered knowledge of Shock by Vehumet.
  5820 | D:6      | Reached ** piety under Vehumet
  5909 | D:6      | Reached skill level 5 in Fighting
  6160 | D:6      | Offered knowledge of Freeze by Vehumet.
  6783 | D:7      | Found a sand-covered staircase.
  6824 | Ossuary  | Entered an ossuary
  6876 | Ossuary  | Offered knowledge of Ignite Poison by Vehumet.
  6928 | Ossuary  | Reached *** piety under Vehumet
  7084 | Ossuary  | Reached XP level 9. HP: 75/75 MP: 7/12
  7088 | Ossuary  | Offered knowledge of Fulminant Prism by Vehumet.
  7140 | Ossuary  | Reached skill level 6 in Fighting
  7384 | D:7      | Found an ancient bone altar of Kikubaaqudgha.
  7526 | D:7      | Found Qealuegabb's Armour Shoppe.
  7527 | D:7      | Found a runed translucent door.
  7527 | D:7      | Noticed Evashark's ghost (novice GrMo)
  7586 | D:7      | Found Zioqof's Weapon Shop.
  7840 | D:7      | Learned a level 5 spell: Fireball
  8245 | D:8      | Reached skill level 7 in Fighting
  8415 | D:8      | Reached **** piety under Vehumet
  8817 | D:8      | Noticed a gargoyle
  8827 | D:8      | Killed a gargoyle
  8827 | D:8      | Reached skill level 8 in Fighting
  8921 | D:8      | Reached skill level 5 in Spellcasting
  8968 | D:8      | Offered knowledge of Irradiate by Vehumet.
  9045 | D:8      | Reached skill level 9 in Fighting
  9252 | D:8      | Reached XP level 10. HP: 89/91 MP: 18/18
  9917 | D:9      | Found a stormy altar of Qazlal.
 10131 | D:9      | Found Lymeam's Antique Weapon Boutique.
 10160 | D:9      | Reached skill level 10 in Fighting
 10457 | D:10     | Entered Level 10 of the Dungeon
 10457 | D:10     | Noticed Maggie
 10471 | D:10     | Killed Maggie
 10887 | D:10     | Noticed a cyclops
 10908 | D:10     | Killed a cyclops
 10916 | D:10     | Reached skill level 11 in Fighting
 11633 | D:10     | Noticed an unseen horror
 11637 | D:10     | Killed an unseen horror
 12187 | D:10     | Reached skill level 12 in Fighting
 12187 | D:10     | Reached XP level 11. HP: 104/104 MP: 20/23
 12745 | D:11     | Reached ***** piety under Vehumet
 12768 | D:11     | Offered knowledge of Lee's Rapid Deconstruction by Vehumet.
 12857 | D:11     | Found a staircase to the Orcish Mines.
 13154 | D:11     | Identified the cursed +1 leather armour of Isenad {rF+
                  | Int+2}
 13422 | D:11     | Found a staircase to the Lair.
 13484 | D:11     | Found a flickering gateway to a bazaar.
 13506 | Bazaar   | Entered a bazaar
 13506 | Bazaar   | Found Fowuel's Distillery.
 13533 | Bazaar   | Found Voyshuos's Antique Weapon Shop.
 13553 | Bazaar   | Found Mionu's Antique Armour Shop.
 13601 | Bazaar   | Bought a runed kite shield for 165 gold pieces
 13631 | Bazaar   | Bought a fine mace for 192 gold pieces
 13631 | Bazaar   | Identified the +6 mace of Cuihair {vorpal, *Drain rElec rC-
                  | Str+6} (You bought it in a shop in a bazaar)
 13655 | D:11     | Gained mutation: You are resistant to hostile enchantments.
                  | (MR+) [potion of mutation]
 13655 | D:11     | Gained mutation: Your natural rate of healing is unusually
                  | fast. [potion of mutation]
 13655 | D:11     | Gained mutation: You have supernaturally acute eyesight.
                  | (SInv) [potion of mutation]
 13991 | D:11     | Found a hazy altar of Hepliaklqana.
 13998 | D:11     | Found a runed translucent gate.
 13999 | D:11     | Found a runed translucent gate.
 14000 | D:11     | Found a runed translucent gate.
 14006 | D:11     | Noticed a green very ugly thing
 14007 | D:11     | Noticed a cyan ugly thing
 14007 | D:11     | Noticed a red ugly thing
 14007 | D:11     | Noticed a red ugly thing
 14007 | D:11     | Noticed a white ugly thing
 14008 | D:11     | Noticed a red ugly thing
 14009 | D:11     | Noticed a green ugly thing
 14157 | Lair:1   | Entered Level 1 of the Lair of Beasts
 14165 | Lair:1   | Noticed a four-headed hydra
 14182 | Lair:1   | Killed a four-headed hydra
 14182 | Lair:1   | Reached skill level 5 in Shields
 14556 | Lair:1   | Noticed a four-headed hydra
 14568 | Lair:1   | Killed a four-headed hydra
 15076 | Lair:1   | Reached XP level 12. HP: 93/113 MP: 20/24
 15743 | Lair:2   | Reached skill level 13 in Fighting
 15946 | Lair:2   | Offered knowledge of Yara's Violent Unravelling by Vehumet.
 16608 | Lair:2   | Noticed Sonja
 16627 | Lair:2   | Killed Sonja
 16874 | Lair:3   | Found a hole to the Spider Nest.
 17289 | Lair:3   | Reached skill level 10 in Spellcasting
 17424 | Lair:3   | Reached skill level 14 in Fighting
 17671 | Lair:3   | Found a staircase to the Shoals.
 17750 | Lair:3   | Noticed a catoblepas
 17799 | Lair:2   | Killed a catoblepas
 18297 | Lair:4   | Noticed Rupert
 18326 | Lair:4   | Found a shimmering blue altar of Sif Muna.
 18400 | Lair:4   | Killed Rupert
 18400 | Lair:4   | Reached skill level 15 in Fighting
 18400 | Lair:4   | Reached XP level 13. HP: 126/126 MP: 6/27
 19721 | Lair:4   | Reached skill level 1 in Polearms
 19842 | Lair:5   | Found a staircase to the Slime Pits.
 20103 | Lair:5   | Reached skill level 16 in Fighting
 20625 | Lair:5   | Offered knowledge of Conjure Ball Lightning by Vehumet.
 21168 | Lair:6   | Entered Level 6 of the Lair of Beasts
 21384 | Lair:6   | Reached skill level 5 in Polearms
 21806 | Lair:6   | Found a runed translucent door.
 21807 | Lair:6   | Noticed a fire dragon
 21885 | Lair:6   | Paralysed by a hornet for 3 turns
 23045 | Lair:6   | Reached XP level 14. HP: 101/138 MP: 24/28
 23514 | Lair:6   | Got a slimy halberd
 23601 | Lair:6   | Identified the +4 halberd of Integrity {pain, rC+ Str+4
                  | Int+4} (You found it on level 6 of the Lair of Beasts)
 24000 | Lair:6   | Offered knowledge of Bolt of Magma by Vehumet.
 24873 | D:12     | Reached skill level 17 in Fighting
 25249 | D:12     | Found Rumuedel's Mayhem Merchandise.
 25728 | Orc:1    | Entered Level 1 of the Orcish Mines
 26426 | Orc:2    | Entered Level 2 of the Orcish Mines
 26507 | Orc:1    | Reached skill level 10 in Polearms
 26696 | Orc:2    | Found a staircase to the Elven Halls.
 26798 | Orc:2    | Offered knowledge of Starburst by Vehumet.
 26896 | Orc:2    | Noticed Maurice
 26911 | Orc:2    | Killed Maurice
 27156 | Orc:2    | Gained mutation: You are dopey. (Int -2) [a neqoxec]
 27421 | Orc:2    | Reached ****** piety under Vehumet
 27489 | Orc:2    | Found a bloodstained altar of Trog.
 27833 | Orc:2    | Found Peanaodgh's Armour Boutique.
 27833 | Orc:2    | Found Pahicea Erun's Antique Weapon Emporium.
 27973 | Orc:2    | Found a roughly hewn altar of Beogh.
 28043 | Orc:2    | Offered knowledge of Orb of Destruction by Vehumet.
 28174 | Orc:2    | Found Faxzenn's Antique Weapon Boutique.
 28174 | Orc:2    | Found Resydi's Antique Weapon Emporium.
 28235 | Orc:2    | Bought an iridescent spear for 200 gold pieces
 28235 | Orc:2    | Identified the +2 spear "Tielukhi" {elec, Dex+5} (You
                  | bought it in a shop on level 2 of the Orcish Mines)
 28282 | Orc:2    | Bought a +2 pair of boots of running for 622 gold pieces
 28832 | Orc:2    | Bought a +0 tower shield for 67 gold pieces
 29139 | D:13     | Noticed Josephine
 29167 | D:13     | Killed Josephine
 29680 | D:13     | Found a gateway to a bazaar.
 29685 | Bazaar   | Entered a bazaar
 29685 | Bazaar   | Found Razanum's Armour Boutique.
 29685 | Bazaar   | Found Juawusol's Armour Shop.
 29685 | Bazaar   | Found Ihud's Antique Weapon Shop.
 30139 | D:14     | Found a gate to the Vaults.
 30139 | D:14     | Noticed Urug
 30439 | D:14     | Reached XP level 15. HP: 147/147 MP: 29/29
 30873 | D:14     | Reached skill level 10 in Conjurations
 31188 | D:14     | Offered knowledge of Ozocubu's Refrigeration by Vehumet.
 31249 | D:14     | Killed Urug
 31745 | D:14     | Learned a level 8 spell: Ignition
 31942 | D:14     | Identified the cursed +1 flail "Beetleslayer" {elec, +Blink
                  | rF+ rC+ Dex-3}
 31958 | D:14     | Reached skill level 10 in Shields
 32262 | D:14     | Found an opulent altar of Gozag.
 32419 | D:14     | Found a glowing golden altar of the Shining One.
 32704 | D:14     | Reached skill level 10 in Fire Magic
 32839 | D:15     | Entered Level 15 of the Dungeon
 32994 | D:15     | Found a shattered altar of Ashenzari.
 34261 | D:15     | Offered knowledge of Fire Storm by Vehumet.
 34261 | D:15     | Offered knowledge of Glaciate by Vehumet.
 34261 | D:15     | Offered knowledge of Chain Lightning by Vehumet.
 34393 | D:15     | Found a staircase to the Depths.
 34564 | Spider:1 | Entered Level 1 of the Spider Nest
 35109 | Spider:1 | Learned a level 9 spell: Fire Storm
 35284 | Spider:1 | Reached XP level 16. HP: 144/155 MP: 26/30
 35873 | Spider:1 | HP: 2/155 [wolf spider (17)]
 35875 | Spider:1 | Slain by a wolf spider

Levels and vault maps discovered:
D:1:      ldierk_walled_garden_2, layout_basic
D:2:      layout_basic, first_ration, chequers_ecumenical_altar_island,
          minmay_tromino_v4_a, uniq_robin
D:3:      layout_loops_ring, minmay_mini_jars
D:4:      layout_rooms
D:5:      layout_cave_pods, temple_fountains, hangedman_ru_absence
D:6:      layout_basic, kennysheep_mini_moat
D:7:      layout_loops_ring, basic_altar, hellmonk_ghost_happy_afterlife,
          serial_shops, shop, shop_fountains,
          nicolae_ossuary_entry_false_entrances, kennysheep_opposing_triangles
D:8:      layout_cave_pods, hangedman_little_slice_of_home
D:9:      minmay_bubble_buster, layout_basic, serial_shops,
          nicolae_shop_temple_entry_statues_fountains, grunt_qazlal_sundering
D:10:     layout_loops_ring, fountainhead, hangedman_abyss_or_decor_passed,
          minmay_chambers_of_fives, uniq_maggie
D:11:     layout_roguey, due_lair_maze_entry_diamond, orc_0_dummy,
          serial_rivers, chequers_serial_rivers_small_a,
          chequers_serial_rivers_large_a, chequers_serial_rivers_micro_b,
          chequers_serial_rivers_room_b, basic_altar,
          ploomutoo_gammafunk_ghost_potion_laboratory, serial_shops,
          bzr_entry_islet
D:12:     layout_cross, minmay_shop_mayhem, kennysheep_generic_room_13
D:13:     layout_long_grid, serial_shops, bzr_entry_gold, uniq_josephine
D:14:     minmay_the_grid_square_5x5_5x5_mashed
          [minmay_the_grid_square_5x5_detours,
          minmay_the_grid_square_5x5_sharp_hourglass,
          minmay_the_grid_square_5x5_fancy_junction,
          minmay_the_grid_square_5x5_half_checkered,
          minmay_the_grid_square_5x5_spiral, minmay_the_grid_square_5x5_seven,
          minmay_the_grid_square_5x5_prize_deathbox,
          minmay_the_grid_square_5x5_n, minmay_the_grid_square_5x5_prize_gold,
          minmay_the_grid_square_5x5_six,
          minmay_the_grid_square_5x5_three_walls,
          minmay_the_grid_square_5x5_tri_point,
          minmay_the_grid_square_5x5_prize_open,
          minmay_the_grid_square_5x5_hourglass,
          minmay_the_grid_square_5x5_inner_i,
          minmay_the_grid_square_5x5_shuriken,
          minmay_the_grid_square_5x5_prize_itemx,
          minmay_the_grid_square_5x5_tie,
          minmay_the_grid_square_5x5_prize_waves,
          minmay_the_grid_square_5x5_beaten_path,
          minmay_the_grid_square_5x5_checkered,
          minmay_the_grid_square_5x5_pentomino_r,
          minmay_the_grid_square_5x5_fat_x,
          minmay_the_grid_square_5x5_gyroscope, minmay_the_grid_square_5x5_z],
          layout_basic, david_vaults_3, tso_altar,
          nicolae_gozag_cash_rules_everything_around_me
D:15:     gammafunk_enter_depths_forms, layout_basic,
          nicolae_ashenzari_panopticon, ebering_dispersal_statue_hall
Temple:   roderic_octagonal_lattice_temple
Lair:1:   layout_regular_city, grunt_megastairs_1, lemuel_fruit_tree, uniq_urug
Lair:2:   layout_regular_city, serial_rivers, chequers_serial_rivers_small_b,
          chequers_serial_rivers_micro_b, chequers_serial_rivers_small_3,
          chequers_serial_rivers_small_a, uniq_sonja
Lair:3:   layout_loops_ring, minmay_shoals_entry_centaurs,
          nicolae_spider_entry_tight_spaces
Lair:4:   layout_long_grid, basic_altar, beast_lair_carwin_9,
          serial_bayou_shore_a, grunt_megastairs_2, uniq_rupert
Lair:5:   layout_misc_corridors, minmay_slime_entry_oklob_open,
          grunt_megastairs_5
Lair:6:   hangedman_lair_caniforms_friends, layout_regular_city, wormcave,
          guppyfry_lair_drakes
Spider:1: layout_spider_delve
Spider:2: layout_spider_delve
Orc:1:    layout_caves, nicolae_orc_flooded_monolith
Orc:2:    st_orc_town, layout_caves, basic_altar, uniq_maurice

Skill      XL: |  1  2  3  4  5  6  7  8  9 10 11 12 13 14 15 |
---------------+----------------------------------------------+-----
Fighting       | 1 2 3 5 9 12 15 16 17 | 17.0
Conjurations   | 2 3 4 5 6 7 8 9 12 | 12.3
Shields        | 1 2 4 8 9 10 | 10.0
Fire Magic     | 4 5 7 8 9 11 | 11.7
Spellcasting   | 5 8 10 | 10.3
Polearms       | 7 12 | 12.0
Dodging        | |  1.7
Stealth        | |  1.7

Action                   |  1- 3 |  4- 6 |  7- 9 | 10-12 | 13-15 | 16-18 || total
-------------------------+-------+-------+-------+-------+-------+-------++-------
Melee: Dagger            |    13 |       |       |       |       |       ||    13
       Short sword       |   145 |    21 |       |       |       |       ||   166
       Tailslap          |    13 |     4 |    26 |    39 |   232 |    15 ||   329
       Trident           |       |    31 |   531 |   436 |   501 |       ||  1499
       Spear             |       |       |       |       |  1274 |    63 ||  1337
 Fire: Hunting sling     |       |       |    29 |       |       |       ||    29
Throw: Boomerang         |    34 |       |    44 |     3 |     7 |       ||    88
       Dart              |       |       |     1 |     1 |     2 |       ||     4
 Cast: Foxfire           |    39 |    39 |   132 |   321 |   739 |    52 ||  1322
       Conjure Flame     |       |     1 |    20 |     7 |    44 |       ||    72
       Sticky Flame      |       |       |    12 |    95 |   137 |     5 ||   249
       Fireball          |       |       |     2 |    17 |    54 |       ||    73
 Abil: Breathe Dispellin |       |       |     1 |       |       |       ||     1
Evoke: Wand              |       |       |       |     1 |     8 |       ||     9
  Use: Scroll            |       |       |    21 |     4 |    13 |     1 ||    39
       Potion            |       |       |     1 |     9 |       |     2 ||    12
 Stab: Sleeping          |     1 |     2 |     6 |     5 |       |     1 ||    15
       Distracted        |       |       |     1 |       |     3 |       ||     4
       Confused          |       |       |       |     1 |       |       ||     1
       Petrified         |       |       |       |     5 |       |       ||     5
  Eat: Chunk             |     2 |     4 |    23 |    29 |    65 |       ||   123
       Ration            |       |       |     4 |     5 |     3 |     1 ||    13
Armor: Skin              |    45 |    18 |   157 |   227 |   401 |    62 ||   910
Dodge: Dodged            |    88 |    40 |   249 |   308 |   469 |    35 ||  1189
Block: Buckler           |    15 |     7 |   124 |   122 |       |       ||   268
       Kite shield       |       |       |       |   225 |   798 |   104 ||  1127
       Tower shield      |       |       |       |       |   191 |       ||   191

Table legend:
 A = Non-vault XP
 B = Vault XP
 C = Vault XP percentage of total XP
 D = Non-vault monster count
 E = Vault monster count
 F = Vault count percentage of total count
                 A         B        C        D         E       F
            +---------+---------+-------+---------+---------+-------
      Total |   89642 |   68900 |  43.5 |     593 |     327 |  35.5
            +---------+---------+-------+---------+---------+-------
        D:1 |      15 |       0 |   0.0 |      10 |       0 |   0.0
        D:2 |      24 |      65 |  73.0 |      13 |       7 |  35.0
        D:3 |     247 |      44 |  15.1 |      36 |      10 |  21.7
        D:4 |     309 |       0 |   0.0 |      15 |       0 |   0.0
        D:5 |     507 |       0 |   0.0 |      13 |       0 |   0.0
        D:6 |    1072 |       0 |   0.0 |      29 |       0 |   0.0
        D:7 |     703 |     230 |  24.7 |      26 |       4 |  13.3
        D:8 |    2029 |     162 |   7.4 |      32 |       8 |  20.0
        D:9 |     791 |     677 |  46.1 |      11 |      10 |  47.6
       D:10 |    2874 |    1245 |  30.2 |      23 |       4 |  14.8
       D:11 |    3689 |     783 |  17.5 |      56 |       9 |  13.8
       D:12 |    4017 |      88 |   2.1 |      24 |       1 |   4.0
       D:13 |    5777 |    1696 |  22.7 |      30 |       4 |  11.8
       D:14 |    6223 |   25647 |  80.5 |      22 |      65 |  74.7
       D:15 |   11104 |    3018 |  21.4 |      29 |      10 |  25.6
     Lair:1 |    8389 |     236 |   2.7 |      32 |       2 |   5.9
     Lair:2 |    5164 |     827 |  13.8 |      22 |       1 |   4.3
     Lair:3 |    4891 |    2274 |  31.7 |      19 |      11 |  36.7
     Lair:4 |    2460 |    5004 |  67.0 |      11 |       8 |  42.1
     Lair:5 |    5754 |    1372 |  19.3 |      24 |       4 |  14.3
     Lair:6 |    3534 |   18265 |  83.8 |      16 |      77 |  82.8
   Spider:1 |   14998 |       0 |   0.0 |      44 |       0 |   0.0
      Orc:1 |    3445 |       0 |   0.0 |      38 |       0 |   0.0
      Orc:2 |    1626 |    7033 |  81.2 |      18 |      54 |  75.0
    Ossuary |       0 |     234 | 100.0 |       0 |      38 | 100.0
            +---------+---------+-------+---------+---------+-------
